ProzacElf, lawful female human Valkyrie ----- --------- |<..--- ------.......-- ------- |.....---|.........--..| |.....| --..|....|.---------|..| |.._..| --.|-.....---- ---- |.....| --|.........|--- ----- ---|--- ----.|....|..----...-- |.| -----..|....|.....---- |.| ------ |..|.............---f-- |%.%%| --......---.........@G----- |....| |........|...|..%..@@....--- ---|-- ----....-------...---......- ------.---.. |...-|..|..|-..(|..---... |..|-.........|..--|..|..|--.....| ....| |..-.....).........-|---|-----..--...... -----.....{....----...).......... ...`... |..............-- --+--.--------- ....... -+-----.........| |.|.(((| ......- --..------- |.-.(((| -...--- ---- --|.(((| ------ ProzacElf the Fighter Experience level: 6 Strength: 18/01 Dexterity: 14 Constitution: 18 Intelligence: 8 Wisdom: 8 Charisma: 8 Health: 0(50) Energy: 16(16) Def: 8 Gold: 149 Moves: 3253 Dungeon seed: OlJresLJfN3JXJEE Game ID: ProzacElf_1449136679 Your Inventory: Coins $ - 149 gold pieces Weapons a - a +1 long sword (alternate weapon; not wielded) b - a +0 dagger (weapon in hand) d - 6 poisoned +0 shuriken f - a +0 orcish dagger i - a cursed -1 orcish dagger m - 20 +0 darts t - 11 +0 daggers (in quiver) Armor e - an uncursed +3 small shield (being worn) n - an uncursed +0 pair of low boots (being worn) q - a blessed +2 orcish helm r - an uncursed +0 pair of leather gloves (being worn) y - an uncursed +0 dwarvish iron helm z - an uncursed +0 helm of brilliance (being worn) N - a cursed +0 elven cloak (being worn) Comestibles D - 2 uncursed food rations Wands k - a wand of lightning (0:3) u - a wand of make invisible (0:5) E - a wand of striking (0:8) Tools g - an uncursed oil lamp (0:1377) s - 3 uncursed tallow candles (0:200) v - a blessed wax candle (0:400) x - an uncursed sack H - 12 uncursed wax candles (0:400) Gems B - 2 uncursed rubies C - an uncursed worthless piece of violet glass I - an uncursed worthless piece of green glass Y - 2 uncursed worthless pieces of yellowish brown glass Contents of the sack: an uncursed potion of gain energy an uncursed potion of sickness Spells and supernatural/magical abilities: Name Level Category Fail Memory W - pray for help -- divine ? -- Your skills at the end: Fighting Skills Weapon Skills dagger [Basic] long sword [Basic] Spellcasting Skills Final Attributes: You were piously aligned. You were cold resistant. You were stealthy. You are dead. Vanquished creatures: a small mimic 2 leprechauns a bugbear 5 gnome lords 2 gnomish wizards a red naga hatchling a guardian naga hatchling a little dog a dwarf a homunculus 2 kobold lords a centipede an orc zombie 2 dwarf zombies 2 killer bees an acid blob 3 giant rats 22 gnomes 2 garter snakes a gnome zombie 3 geckos a fox a kobold 3 goblins 2 sewer rats a grid bug 2 bats 4 lichens 2 newts 72 creatures vanquished. Voluntary challenges: You had been an atheist until turn 3091. You used a wielded weapon 81 times, starting on turn 55. You read items or engraved 2 times, starting on turn 1124. You never genocided any monsters. You never polymorphed an object. You never changed form. You used no wishes. You never split a pudding. You never wrote Elbereth's name. You never violated your personal moral code. Dungeon overview: The Dungeons of Doom: levels 1 to 2 Level 1 a long staircase Level 2 an armor shop stairs to The Gnomish Mines The Gnomish Mines: levels 3 to 5 Level 3 stairs to The Dungeons of Doom Level 4 Level 5 <- You were here some shops, a temple to Loki, a fountain History has recorded: On T:1 you entered the Dungeons of Doom to retrieve the Amulet of Yendor! On T:459 you advanced to experience level 2. On T:568 you reached level 2 of The Dungeons of Doom. On T:1182 you advanced to experience level 3. On T:1258 you reached level 1 of The Gnomish Mines. On T:1418 you advanced to experience level 4. On T:1945 you reached level 2 of The Gnomish Mines. On T:1969 you advanced to experience level 5. On T:2658 you reached level 3 of The Gnomish Mines. On T:2845 you advanced to experience level 6. Score breakdown: Gold: 149 ( 7402 points) Experience: 6 levels (12456 points) Exploration: 5 levels ( 10.20%) ( 8660 points) Discoveries: 5 items ( 2.03%) ( 4276 points) Valuables value: (no points given unless you survive) Artifact value: 0 ( 0 points) Variety of kills: 29 monsters ( 7.61%) ( 8276 points) Turncount: 3253 turns ( -719 points) Survival: died (score multiplied by 80%) Total score: 32280 Latest messages: u - an uncursed wand of make invisible. x - an uncursed bag. v - a blessed candle. s - 3 uncursed candles. H - 12 uncursed candles. g - an uncursed lamp. I - an uncursed green gem. B - 2 uncursed red gems. C - an uncursed violet gem. Y - 2 uncursed yellowish brown gems. You hit the gnome king. Chairman Meow bites the gnome king. The gnome king hits Chairman Meow. The gnome king hits! You die... Final status: Farvel ProzacElf the Valkyrie, killed by a gnome king... You died in The Gnomish Mines on dungeon level 5 with 32280 points, and 149 pieces of gold, after 3253 moves. You were level 6 with a maximum of 50 hit points when you died.